 Dungeon Crawl Stone Soup version 0.29-a0-824-gd827844252 (webtiles) character file.

Game seed: 5150890171268436186

4 coolguy69 the Trooper (level 1, 0/11 HPs)
             Began as a Vine Stalker Monk on July 10, 2022.
             Slain by a goblin
             ... wielding a +1 dagger of flaming
              (3 damage)
             ... on level 1 of the Dungeon.
             The game lasted 00:00:15 (266 turns).

coolguy69 the Trooper (Vine Stalker Monk)            Turns: 266, Time: 00:00:16

Health: 0/11       AC:  2    Str: 13    XL:     1   Next: 70%
Magic:  0/2        EV: 12    Int: 10    God:
Gold:   8          SH:  0    Dex: 16    Spells: 0/0 levels left

rFire   . . .      SeeInvis .   a - +0 short sword
rCold   . . .      Faith    .   (no shield)
rNeg    . . .      Spirit   +   b - +0 robe
rPois   .          Reflect  .   (no helmet)
rElec   .          Harm     .   (no cloak)
rCorr   .          Rampage  .   (no gloves)
Will    .....                   (no boots)
Stlth   ++........              (no amulet)
HPRegen 0.03/turn               (no ring)
MPRegen 0.08/turn               (no ring)

@: no status effects
A: fangs 2, magic shield, antimagic bite, no potion heal 2
a: no special abilities


You were on level 1 of the Dungeon.
You visited 1 branch of the dungeon, and saw 1 of its levels.

You collected 8 gold pieces.

Inventory:

Hand Weapons
 a - a +0 short sword (weapon)
Armour
 b - a +0 robe (worn)
Potions
 c - a potion of ambrosia


   Skills:
 + Level 2.8 Fighting
 + Level 2.7 Short Blades
 + Level 2.5 Dodging
 + Level 2.4 Stealth


You couldn't memorise any spells.
You didn't know any spells.
Your spell library was empty.

Dungeon Overview and Level Annotations

Branches:
Dungeon (1/15)

Altars:


Innate Abilities, Weirdness & Mutations

You have extremely sharp teeth.
When hurt, damage is shared between your health and your magic reserves.
Your bite disrupts and absorbs the magic of your enemies.
Potions cannot restore your health.


Message History

A kobold comes into view. It is wielding a +0 whip.
The ball python bites you but does no damage.
The ball python misses you.
An endoplasm comes into view.
The ball python misses you. The ball python barely misses you.
There are monsters nearby!
You hit the ball python.
You kill the ball python!
A kobold is nearby!
A goblin comes into view. It is wielding a +1 dagger of flaming.
The goblin shouts!
You barely miss the endoplasm.
The kobold shouts!
You punch the endoplasm, but do no damage.
Your bite misses the endoplasm. The endoplasm closely misses you.
You hit the endoplasm.
The endoplasm is lightly wounded.
The endoplasm freezes you.
You are frozen.
You completely miss the endoplasm.
The endoplasm is lightly wounded.
The endoplasm hits you but does no damage.
You hit the endoplasm but do no damage. Your bite misses the endoplasm.
The endoplasm is lightly wounded.
The endoplasm hits you but does no damage.
You hit the endoplasm.
You kill the endoplasm!
The goblin closely misses you.
You hit the kobold.
The kobold is severely wounded.
The kobold hits you with a +0 whip.
The goblin hits you with a +1 dagger of flaming.
* * * LOW HITPOINT WARNING * * *
The goblin burns you.
* * * LOW HITPOINT WARNING * * *
The goblin attacks as you move away! The goblin barely misses you.
The goblin attacks as you move away! The goblin hits you but does no damage.
It was a potion of curing.
That felt strangely inert.
The goblin hits you with a +1 dagger of flaming.
You die...

#...........#
............#
#...........#
............# .
#...........######## ..
.#####.###........##....
........K...............>
#..######g#........##....
#......@$...........#
#....#.######.......#
#.^..#.# #.......#
#......# #.......#
#...#### #......[#
######.#######..##### ###
#.#.#∩#...♣##..#
....#∩#........♣#..###...
............♣...#........


You could see a goblin and a kobold.

Vanquished Creatures
  2 endoplasms (D:1)
  A ball python (D:1)
  A bat (D:1)
  A rat (D:1)
5 creatures vanquished.

Notes
Turn   | Place    | Note
-------+----------+-------------------------------------------
     0 | D:1      | coolguy69 the Vine Stalker Monk began the quest for the
                  | Orb.
     0 | D:1      | Reached XP level 1. HP: 11/11 MP: 2/2
   266 | D:1      | Slain by a goblin

Illustrated notes

Levels and vault maps discovered:
D:1:      nzn_arrival_settlement, layout_basic, minmay_misc_feat_five

Action                   || total
-------------------------++-------
Melee: Short sword       ||    17
       Bite              ||     3
       Punch             ||     1
  Use: Potion            ||     1
Armor: Robe              ||     5
Dodge: Dodged            ||    14

Table legend: (Time is in decaauts)
 A = Elapsed time spent in this place.
 B = Non-inter-level travel time spent in this place.
 C = Inter-level travel time spent in this place.
 D = Time resting spent in this place.
 E = Time spent auto-exploring this place.
 F = Levels seen in this place.
 G = Mean time per level.
                   A        B        C        D        E       F      G
               +--------+--------+--------+--------+--------+-----+--------+
         Total |    265 |    265 |      0 |     19 |    206 |   1 |  265.0 |
       Dungeon |    265 |    265 |      0 |     19 |    206 |   1 |  265.0 |
               +--------+--------+--------+--------+--------+-----+--------+

Top non-repeatable levels by time:
     D:1: 265 daAuts
